 Dungeon Crawl Stone Soup version 0.25-a0-310-g60f0ac2d9a (webtiles) character file.

Game seed: 9009914245457055408, levelgen mode: classic

22 Borgoz the Sneak (level 3, 15/20 HPs)
             Began as a Kobold Enchanter on Dec 23, 2019.
             Quit the game on level 1 of the Dungeon.
             The game lasted 00:00:56 (785 turns).

Borgoz the Sneak (Kobold Enchanter)                  Turns: 785, Time: 00:00:56

Health: 15/20      AC:  2    Str:  6    XL:     3   Next: 7%
Magic:  6/6        EV: 16    Int: 16    God:
Gold:   40         SH:  0    Dex: 15    Spells: 5/6 levels left

rFire    . . .     SeeInvis .   a - +1 dagger
rCold    . . .     Gourm    .   (shield restricted)
rNeg     . . .     Faith    .   b - +0 robe
rPois    .         Spirit   .   (no helmet)
rElec    .         Reflect  .   (no cloak)
rCorr    .         Harm     .   (no gloves)
MR       .....                  (no boots)
Stlth    +++.......             (no amulet)
HPRegen  0.06/turn              (no ring)
MPRegen  0.10/turn              (no ring)

@: no status effects
A: small, carnivore
a: no special abilities


You were on level 1 of the Dungeon.
You were very full.

You visited 1 branch of the dungeon, and saw 1 of its levels.

You collected 40 gold pieces.

Inventory:

Hand Weapons
 a - a +1 dagger (weapon)
Armour
 b - a +0 robe (worn)
Scrolls
 e - 2 scrolls of remove curse {unknown}
 f - a scroll of identify {unknown}
 h - a scroll of teleportation {unknown}
Potions
 c - 2 potions of agility {unknown}
 g - a potion of resistance {unknown}
Comestibles
 d - 4 rations
 i - 3 chunks of flesh


   Skills:
 * Level 1.1 Fighting
 * Level 2.1 Short Blades
 * Level 0.7 Armour
 * Level 3.0 Dodging
 - Level 4.0 Stealth
 - Level 2.1 Spellcasting
 - Level 3.0 Hexes


You had 5 spell levels left.
You knew the following spells:

 Your Spells              Type           Power        Failure   Level  Hunger
a - Corona                Hex            ##.....      6%          1    #......

Your spell library contained the following spells:

 Spells                   Type           Power        Failure   Level  Hunger
 Ensorcelled Hibernation  Hex/Ice        #.....       17%         2    ###....
 Confuse                  Hex            ##......     19%         3    ###....
 Tukima's Dance           Hex            ##......     19%         3    ###....
 Dazzling Flash           Conj/Hex       #.....       32%         3    ###....


Dungeon Overview and Level Annotations

Branches:
Dungeon (1/15)

Altars:


Innate Abilities, Weirdness & Mutations

You are small and have problems with some larger weapons.
You are carnivorous and can eat meat at any time.


Message History

The dart slug is severely wounded.
The dart slug barely misses you.
You hit the dart slug but do no damage.
The dart slug is severely wounded.
You hit the dart slug.
You kill the dart slug!
Your Dodging skill increases to level 3!
You have reached level 3!
Your experience leads to an increase in your attributes!
Increase (S)trength, (I)ntelligence, or (D)exterity?
You feel stronger.
You butcher the goblin corpse.
i - 2 chunks of flesh You see here a goblin skeleton.
Things that are here:
a short sword; a dart slug corpse You butcher the dart slug corpse.
i - 3 chunks of flesh (gained 1)
You see here a short sword.
Are you sure you want to abandon this character and quit the game? (Confirm with "yes".)

## ##### #...#..
...####
######.#...####.....#
....................#
............#...@...#
..............#.÷...#
.####..##...........#
.####..#....####.####
.......#.#....÷..#
.#####.#.##.##...#
.### #......##.#.#
...# ###.###...#...
##.### #.....#####.#


There were no monsters in sight!

Vanquished Creatures
  An ooze (D:1)
  2 dart slugs (D:1)
  A giant cockroach (D:1)
  3 goblins (D:1)
  A hobgoblin (D:1)
  2 kobolds (D:1)
  A bat (D:1)
  A frilled lizard (D:1)
  2 rats (D:1)
14 creatures vanquished.

Notes
Turn   | Place    | Note
-------+----------+-------------------------------------------
     0 | D:1      | Borgoz the Kobold Enchanter began the quest for the Orb.
     0 | D:1      | Reached XP level 1. HP: 10/10 MP: 3/3
    99 | D:1      | Reached XP level 2. HP: 9/16 MP: 5/5
   757 | D:1      | Reached skill level 1 in Fighting
   779 | D:1      | Reached XP level 3. HP: 15/20 MP: 6/6
   785 | D:1      | Quit the game

Levels and vault maps discovered:
D:1:      dpeg_arrival_shrine, layout_loops_cross, dk_noncrumbling_4,
          item_on_display_a

Skill      XL: |  1  2 |
---------------+-------+-----
Short Blades   | 2 |  2.1
Fighting       | 1 |  1.1
Dodging        | 3 |  3.0
Armour         | |  0.7
Stealth        | |  4.0
Spellcasting   | |  2.1
Hexes          | |  3.0

Action                   || total
-------------------------++-------
Melee: Dagger            ||    54
 Stab: Sleeping          ||     5
  Eat: Chunk             ||     6
Armor: Robe              ||     8
Dodge: Dodged            ||    40

Table legend:
 A = Non-vault XP
 B = Vault XP
 C = Vault XP percentage of total XP
 D = Non-vault monster count
 E = Vault monster count
 F = Vault count percentage of total count
                 A         B        C        D         E       F
            +---------+---------+-------+---------+---------+-------
      Total |      32 |       0 |   0.0 |      14 |       0 |   0.0
            +---------+---------+-------+---------+---------+-------
        D:1 |      32 |       0 |   0.0 |      14 |       0 |   0.0
            +---------+---------+-------+---------+---------+-------
